 Dungeon Crawl Stone Soup version 0.18.1-1-g2f07953 (webtiles) character file.

486 CosmicAfro the Carver (level 6, -5/51 HPs)
             Began as a Minotaur Fighter on May 6, 2016.
             Was a Follower of Qazlal.
             Slain by an ogre
             ... wielding a +0 giant club
              (17 damage)
             ... on level 4 of the Dungeon.
             The game lasted 00:13:22 (3149 turns).

CosmicAfro the Carver (Minotaur Fighter)            Turns: 3149, Time: 00:13:23

Health: -5/51      AC:  9    Str: 20    XL:     6   Next: 89%
Magic:  14/14      EV:  7    Int:  5    God:    Qazlal [*.....]
Gold:   172        SH: 11    Dex: 12    Spells: 0 memorised, 5 levels left

rFire  + . .     SeeInvis .     H - +0 long sword (holy)
rCold  x . .     Gourm    .     b - +0 scale mail
rNeg   . . .     Faith    .     c - +0 shield
rPois  .         Spirit   .     (helmet restricted)
rElec  .         Dismiss  .     (no cloak)
rCorr  .         Reflect  .     u - +0 pair of gloves
SustAt .         Harm     .     F - +0 pair of boots
MR     .....                    (no amulet)
Stlth  ..........               x - ring of magical power
                                e - ring of fire

@: not resistant to hostile enchantments, extremely unstealthy
A: retaliatory headbutt, horns 2
a: Renounce Religion


You were on level 4 of the Dungeon.
You worshipped Qazlal.
Qazlal was aware of your devotion.
You were very hungry.

You visited 1 branch of the dungeon, and saw 4 of its levels.

You collected 172 gold pieces.

Inventory:

Hand Weapons
 a - a +0 long sword
 H - a +0 long sword of holy wrath (weapon)
Missiles
 k - 61 bolts
Armour
 b - a +0 scale mail (worn)
 c - a +0 shield (worn)
 o - a +0 chain mail
 u - a +0 pair of gloves (worn)
 w - a +2 leather armour of fire resistance
 C - a +0 scale mail
 F - a +0 pair of boots (worn)
Jewellery
 e - a ring of fire (left hand)
 x - a ring of magical power (right hand)
Wands
 y - a wand of flame (28/48)
 I - a wand of polymorph (12/24)
Scrolls
 j - 3 scrolls of enchant weapon {unknown}
 l - 5 scrolls of identify {unknown}
 m - 2 scrolls of teleportation {unknown}
 n - a scroll of immolation {unknown}
 q - 2 scrolls of enchant armour {unknown}
 t - 4 scrolls of remove curse {unknown}
 v - a scroll of noise {unknown}
Potions
 d - 3 potions of flight {unknown}
 i - 3 potions of curing {unknown}
 r - a potion of beneficial mutation {unknown}
 s - 2 potions of berserk rage {unknown}
 z - a potion of haste {unknown}
 A - a potion of agility {unknown}
 B - a potion of brilliance {unknown}
 E - a potion of lignification {unknown}
 G - a potion of resistance {unknown}
Comestibles
 f - 5 bread rations
 g - 3 meat rations
 h - 2 slices of pizza
 p - a beef jerky
 D - a fruit


   Skills:
 - Level 3.6 Fighting
 + Level 9.0 Long Blades
 - Level 3.6 Armour
 - Level 3.6 Shields


You had 5 spell levels left.
You didn't know any spells.

Dungeon Overview and Level Annotations

Branches:
Dungeon (4/15)
 Temple: D:4-7

Altars:
Dithmenos
Makhleb
Pakellas
Qazlal
Ru
Sif Muna
Vehumet


Innate Abilities, Weirdness & Mutations

You reflexively headbutt those who attack you in melee.
You have a pair of horns on your head.


Message History

You slash the iguana!
You kill the iguana!
Qazlal accepts your kill.
Your Long Blades skill increases to level 9!
You see here a glowing copper wand.
I - a wand of polymorph You hit the ogre.
The ogre is lightly wounded.
The ogre hits you with a giant club!
You hit the ogre.
The ogre is moderately wounded.
The ogre hits you with a giant club!
* * * LOW HITPOINT WARNING * * *
You slash the ogre!
The ogre is heavily wounded.
The ogre hits you but does no damage.
You barely miss the ogre.
The ogre is heavily wounded.
The ogre hits you with a giant club!
You die...

.......().........>.
#######)##.#....##.#
#.##.#..<..#..
#.##.##...#### #
#.##.#........
#.#########.##.#....####
####.#......##.##.#.......#
..
..........§.##.##.#.......#
.# #†..O@.##.##.###......
.# #.....§##.##.....†....
.## #......##.######......
..# #......##.# #...... ..#
#......##.# #......
..######## #......##.#
#......
.........###......##.#
#......
..##..............##.#
#......
####.........####.##.#
#......


You could see an ogre.

Vanquished Creatures
  Sigmund (D:2)
  A centaur skeleton (D:4)
  A hound (D:4)
  An orc priest (D:3)
  An iguana (D:4)
  Jessica (D:2)
  Ijyb (D:2)
  A worker ant (D:4)
  Robin (D:4)
  2 adders
  An ooze (D:3)
  3 worms
  A dart slug (D:2)
  4 giant geckos
  9 orcs
  7 giant cockroaches
  12 goblins
  6 hobgoblins
  4 jackals (D:1)
  4 kobolds
  2 quokkas
  A ball python (D:3)
  7 bats
  A giant newt (D:2)
  6 rats
79 creatures vanquished.

Notes
Turn   | Place    | Note
--------------------------------------------------------------
     0 | D:1      | CosmicAfro the Minotaur Fighter began the quest for the Orb.
     0 | D:1      | Reached XP level 1. HP: 19/19 MP: 0/0
    60 | D:1      | Reached skill level 3 in Long Blades
    91 | D:1      | Reached XP level 2. HP: 24/26 MP: 1/1
   590 | D:2      | Noticed Ijyb
   590 | D:2      | Noticed Jessica
   600 | D:2      | Killed Ijyb
   600 | D:2      | Reached skill level 4 in Long Blades
   600 | D:2      | Reached XP level 3. HP: 11/31 MP: 2/2
   603 | D:2      | Killed Jessica
   603 | D:2      | Reached skill level 5 in Long Blades
   804 | D:2      | Reached XP level 4. HP: 39/39 MP: 3/3
   843 | D:2      | Found a deep blue altar of Sif Muna.
   863 | D:2      | Found a shadowy altar of Dithmenos.
  1119 | D:2      | Found a burning altar of Makhleb.
  1181 | D:2      | Noticed Sigmund
  1195 | D:2      | Killed Sigmund
  1195 | D:2      | Reached skill level 7 in Long Blades
  1195 | D:2      | Reached XP level 5. HP: 32/45 MP: 4/4
  1396 | D:2      | Reached XP level 6. HP: 51/51 MP: 5/5
  1701 | D:3      | Found a stormy altar of Qazlal.
  1704 | D:3      | Became a worshipper of Qazlal Stormbringer
  1873 | D:3      | Reached skill level 8 in Long Blades
  1988 | D:3      | Found an oddly glowing altar of Pakellas.
  2605 | D:4      | Found a radiant altar of Vehumet.
  2763 | D:4      | Noticed Robin
  2783 | D:4      | Killed Robin
  2788 | D:4      | Reached * piety under Qazlal
  2984 | D:4      | Found a sacrificial altar of Ru.
  3141 | D:4      | Reached skill level 9 in Long Blades
  3149 | D:4      | Slain by an ogre

Skill      XL: |  1  2  3  4  5  6 |
---------------+-------------------+-----
Long Blades    | 3 4 5 7 9 |  9.0
Fighting       | |  3.6
Armour         | |  3.6
Shields        | |  3.6

Action                   |  1- 3 |  4- 6 || total
-------------------------+-------+-------++-------
Melee: Long sword        |    34 |   177 ||   211
       Headbutt          |     5 |    30 ||    35
  Use: Potion            |       |     1 ||     1
  Eat: Chunk             |       |     6 ||     6
Armor: Scale mail        |    14 |    58 ||    72
Dodge: Dodged            |     8 |    36 ||    44
Block: Shield            |    27 |   111 ||   138
